 Dungeon Crawl Stone Soup version 0.30-a0-585-g93115170b9 (webtiles) character file.

Game seed: 5800098991110410850

3080 avis the Nimble (level 9, -9/74 HPs)
             Began as a Demigod Ice Elementalist on Jan 3, 2023.
             Mangled by an orc knight
             ... wielding a +3 broad axe
              (25 damage)
             ... in a bailey.
             The game lasted 00:46:26 (6745 turns).

avis the Nimble (Demigod Ice Elementalist)          Turns: 6745, Time: 00:46:27

Health: -9/74      AC: 11    Str:  9    XL:     9   Next: 33%
Magic:  2/16       EV: 24    Int: 17    God:
Gold:   29         SH:  0    Dex: 26    Spells: 7/14 levels left

rFire   . . .      SeeInvis .    a - +6 broad axe of Ru, Singing {speed, Fly}
rCold   . . .      Faith    .    (no shield)
rNeg    . . .      Spirit   .    c - +0 robe
rPois   .          Reflect  .    x - +0 helmet
rElec   .          Harm     .    (no cloak)
rCorr   .          Rampage  .    s - +0 pair of gloves
Will    .....                    P - +0 pair of boots
Stlth   +++                      (no amulet)
HPRegen 0.32/turn                h - +5 ring of evasion
MPRegen 0.15/turn                Q - ring of wizardry

@: ice-armoured (expiring), flying
A: high MP 1, forlorn, divine attributes
a: no special abilities


You were in a bailey.
You visited 2 branches of the dungeon, and saw 8 of its levels.
You also visited: Bailey.

You collected 285 gold pieces.
You spent 256 gold pieces at shops.

Inventory:

Hand Weapons
 a - the +6 broad axe of Ru, Singing (weapon) {speed, Fly}
   (You took it off a kobold in a bailey)

   Attacks with this weapon are significantly faster.
   Fly:       It grants you flight.
 b - a +0 heavy sling
 w - a +0 falchion
Missiles
 o - 12 boomerangs
Armour
 c - a +0 robe (worn)
 s - a +0 pair of gloves (worn)
 x - a +0 helmet (worn)
 P - a +0 pair of boots (worn)
Jewellery
 h - a +5 ring of evasion (left hand)
 Q - a ring of wizardry (right hand)
Wands
 j - a wand of iceblast (5)
 L - a wand of digging (5)
Scrolls
 e - 3 scrolls of enchant armour {unknown}
 f - 3 scrolls of fear {unknown}
 g - 2 scrolls of immolation {unknown}
 m - 2 scrolls of amnesia {unknown}
 n - a scroll of poison {unknown}
 p - 3 scrolls of magic mapping {unknown}
 q - 4 scrolls of teleportation {unknown}
 u - a scroll of silence {unknown}
 E - a scroll of blinking {unknown}
 G - 2 scrolls of fog {unknown}
 H - a scroll of torment {unknown}
 M - a scroll of noise {unknown}
Potions
 d - 5 potions of lignification
 i - 3 potions of brilliance
 k - 4 potions of might
 r - a potion of flight
 t - a potion of haste
 v - 3 potions of curing
 I - 2 potions of ambrosia
 J - 2 potions of magic
 R - a potion of berserk rage {unknown}


   Skills:
 - Level 5.0 Fighting
 - Level 4.0 Long Blades
 - Level 4.0 Ranged Weapons
 - Level 8.0 Dodging
 - Level 2.0 Stealth
 - Level 3.0 Spellcasting
 * Level 5.9 Ice Magic


You had 7 spell levels left.
You knew the following spells:

 Your Spells              Type           Power      Damage    Failure   Level
a - Freeze                Ice            88%        1d9       1%          1
o - Ozocubu's Armour      Ice            22%        N/A       1%          3
r - Frozen Ramparts       Ice            44%        1d7       1%          3

Your spell library contained the following spells:

 Spells                   Type           Power      Damage    Failure   Level
 Apportation              Tloc           4%         N/A       7%          1
 Magic Dart               Conj           8%         1d3       7%          1
 Summon Small Mammal      Summ           8%         N/A       7%          1
 Ignite Poison            Fire/Tmut/Pois 2%         N/A       21%         3
 Inner Flame              Hex/Fire       2%         N/A       21%         3
 Tukima's Dance           Hex            2%         N/A       21%         3
 Summon Ice Beast         Ice/Summ       12%        N/A       21%         4
 Flame Wave               Conj/Fire      2%         2d4       52%         4
 Passage of Golubria      Tloc           2%         N/A       52%         4
 Sticky Flame             Conj/Fire      2%         2d3       52%         4
 Yara's Violent Unravell  Hex/Tmut       1%         3d3       86%         5
 Ignition                 Fire           1%         3d3       100%        8


Dungeon Overview and Level Annotations

Branches:
Dungeon (7/15)             Temple (1/1) D:6          Bailey (1/1)

Shops:
D:4 *((*?   D:6 *   D:7 ?


Innate Abilities, Weirdness & Mutations

You have an increased reservoir of magic. (+10% MP)
You shall have no god before yourself.
Your divine heritage dramatically boosts your attributes as you level up.


Message History

The walls around you are covered in ice.
The wall freezes the orc knight but does no damage.
The orc knight misses you.
You hit the orc knight but do no damage.
The orc knight is heavily wounded.
The wall freezes the orc knight but does no damage.
The orc knight barely misses you.
You barely miss the orc knight.
The orc knight is heavily wounded.
The wall freezes the orc knight but does no damage.
The orc knight completely misses you.
The goblin shouts!
You hit the orc knight.
The orc knight is heavily wounded.
You hear a shout!
The wall freezes the orc knight but does no damage.
The orc knight hits you with a +3 broad axe!
You closely miss the orc knight.
The orc knight is heavily wounded.
The wall freezes the orc knight but does no damage.
The orc knight misses you.
The wall freezes the goblin.
You kill the goblin!
You hit the orc knight.
The orc knight is heavily wounded.
The wall freezes the orc knight but does no damage.
The orc knight hits you with a +3 broad axe!
* * * LOW HITPOINT WARNING * * *
You feel much better.
The wall freezes the orc knight!
The orc knight barely misses you.
Your magical contamination has completely faded away.
You hit the orc knight.
The orc knight is severely wounded.
Your icy armour starts to melt.
The frozen ramparts melt away.
The orc knight hits you with a +3 broad axe!!
* * * LOW HITPOINT WARNING * * *
You hit the orc knight.
The orc knight is severely wounded.
The orc knight hits you with a +3 broad axe!!
You die...

##......≈≈≈≈≈#########≈≈≈≈#
###....~≈≈≈≈≈≈∩#ooKg...#∩≈≈≈≈≈
#≈≈≈≈≈≈≈~≈††####..Kg...####≈≈≈
≈≈≈≈≈≈≈...)..#..####'####
.#(.≈ #####....).###...^ ...
.# #. ###...†.# '.)#### .+ .
##..)....###).#
#.....⌠....#o)#
##.........#@##
##..........†########
####........).......
#############.###


You could see an orc knight.

Vanquished Creatures
  Pikel (D:4)
  Grinder (D:3)
  Sigmund (D:2)
  Eustachio (D:4)
  Menkaure (D:6)
  A water moccasin (D:5)
  Duvessa (D:6)
  A black bear (D:5)
  2 ice beasts (D:6)
  An ogre (D:6)
  5 orc warriors (Bailey)
  A sky beast (D:6)
  4 lemures (D:4)
  A bullfrog (D:6)
  5 scorpions
  Dowan (D:6)
  3 hounds
  2 orc priests
  2 iguanas
  3 orc wizards
  3 gnolls (D:5)
  5 adders
  A white imp (D:3)
  3 ufetubi
  A worm (D:2)
  2 dart slugs
  20 orcs
  3 ball pythons
  5 endoplasms (D:2)
  4 giant cockroaches
  9 hobgoblins
  18 kobolds
  2 quokkas
  2 bats (D:1)
  2 frilled lizards
  14 goblins
  6 rats
138 creatures vanquished.

Notes
Turn   | Place    | Note
-------+----------+-------------------------------------------
     0 | D:1      | avis the Demigod Ice Elementalist began the quest for the
                  | Orb.
     0 | D:1      | Reached XP level 1. HP: 14/14 MP: 5/5
   421 | D:2      | Reached XP level 2. HP: 20/20 MP: 7/7
   522 | D:2      | Noticed Sigmund
  1101 | D:2      | Reached skill level 1 in Fighting
  1101 | D:2      | Reached XP level 3. HP: 28/28 MP: 6/9
  1334 | D:2      | Learned a level 3 spell: Frozen Ramparts
  1338 | D:2      | Learned a level 3 spell: Ozocubu's Armour
  1372 | D:2      | Killed Sigmund
  1373 | D:2      | Reached skill level 2 in Dodging
  1373 | D:2      | Reached skill level 5 in Ice Magic
  1373 | D:2      | Reached XP level 4. HP: 31/36 MP: 7/11
  1373 | D:2      | Reached XP level 5. HP: 35/41 MP: 7/12
  2985 | D:4      | Found Gugivvia's Weapon Shop.
  3019 | D:4      | Noticed Grinder
  3020 | D:4      | Paralysed by Grinder for 4 turns
  3082 | D:3      | Paralysed by Grinder for 3 turns
  3088 | D:3      | Killed Grinder
  3089 | D:3      | Reached XP level 6. HP: 37/51 MP: 5/13
  3189 | D:4      | Noticed Eustachio
  3205 | D:4      | Killed Eustachio
  3206 | D:4      | Reached skill level 3 in Dodging
  3279 | D:4      | Found Iruinui's Magic Scroll Shoppe.
  3285 | D:4      | Found Onowk's Assorted Antiques.
  3369 | D:4      | Noticed Pikel
  3387 | D:4      | Killed Pikel
  3388 | D:4      | Reached skill level 4 in Dodging
  3388 | D:4      | Reached XP level 7. HP: 46/59 MP: 1/14
  3516 | D:4      | Found Kaaty's Assorted Antiques.
  3538 | D:4      | Found Gewiq's Weapon Boutique.
  3761 | D:5      | Entered Level 5 of the Dungeon
  3857 | D:4      | Reached skill level 5 in Dodging
  3996 | D:5      | Reached XP level 8. HP: 66/66 MP: 15/15
  3997 | D:5      | Got Qun Raoh's Introduction to Mysticism
  4474 | D:5      | Reached skill level 6 in Dodging
  4908 | D:5      | Reached skill level 5 in Fighting
  5036 | D:6      | Reached skill level 1 in Long Blades
  5085 | D:6      | Noticed Menkaure
  5090 | D:6      | Killed Menkaure
  5099 | D:6      | Noticed Duvessa
  5101 | D:6      | Noticed Dowan
  5109 | D:6      | Killed Duvessa
  5109 | D:6      | Killed Dowan
  5552 | D:6      | Reached skill level 7 in Dodging
  5552 | D:6      | Reached XP level 9. HP: 74/74 MP: 9/16
  5635 | D:6      | Found a staircase to the Ecumenical Temple.
  5695 | D:6      | Found Iwnishot's Serpentskin Sales.
  6101 | D:4      | Bought a black potion for 17 gold pieces
  6101 | D:4      | Bought a black potion for 17 gold pieces
  6101 | D:4      | Bought a metallic coppery potion for 17 gold pieces
  6101 | D:4      | Bought a sedimented coppery potion for 17 gold pieces
  6101 | D:4      | Bought a scroll labelled ARIYCY WIPUST for 19 gold pieces
  6101 | D:4      | Bought a scroll labelled FEGYDE VECOO for 19 gold pieces
  6101 | D:4      | Bought a scroll labelled PIORGH GONIEWKAI for 19 gold
                  | pieces
  6101 | D:4      | Bought a scroll labelled XUQIOT BAASO for 19 gold pieces
  6132 | D:4      | Bought a black potion for 28 gold pieces
  6132 | D:4      | Bought a fuming green potion for 28 gold pieces
  6132 | D:4      | Bought a scroll labelled RAMUTI VOBOANG for 32 gold pieces
  6157 | D:4      | Bought a scroll of identify for 24 gold pieces
  6234 | Temple   | Entered the Ecumenical Temple
  6319 | D:7      | Found Binemosm's Magic Scroll Emporium.
  6508 | D:7      | Found a flagged portal.
  6520 | Bailey   | Entered a bailey
  6526 | Bailey   | Noticed an orc knight
  6569 | Bailey   | Reached skill level 8 in Dodging
  6623 | Bailey   | Identified the +6 broad axe of Ru, Singing {speed, Fly}
  6745 | Bailey   | Mangled by an orc knight

Illustrated notes

Levels and vault maps discovered:
D:1:      dpeg_arrival_ternary, layout_rooms
D:2:      layout_basic, uniq_sigmund
D:3:      layout_loops_ring, marbit_many_paths
D:4:      layout_rooms, serial_shops, shop, kennysheep_mini_moat, shop,
          nicolae_shop_trees, nicolae_take_the_stairs,
          kennysheep_generic_room_3, uniq_grinder, uniq_pikel, uniq_eustachio
D:5:      layout_basic
D:6:      layout_basic, temple_pool_b, serial_curves, eino_curves_02,
          eino_curves_02, guppyfry_shop_venom, uniq_menkaure, uniq_duvessa
D:7:      layout_basic, demons_altar, mainiacjoe_overflow_surrounded_room,
          enter_bailey_3, serial_shops, nicolae_stop_n_shop_2
Temple:   regret_index_temple_chain_breaker
Bailey:   bailey_axe_4, bailey

Skill      XL: |  1  2  3  4  5  6  7  8  9 |
---------------+----------------------------+-----
Ice Magic      | 4 5 |  5.9
Spellcasting   | 2 3 |  3.0
Fighting       | 1 2 3 4 5 |  5.0
Dodging        | 2 4 5 7 8 |  8.0
Stealth        | 2 |  2.0
Ranged Weapons | 2 4 |  4.0
Long Blades    | 4 |  4.0

Action                   |  1- 3 |  4- 6 |  7- 9 || total
-------------------------+-------+-------+-------++-------
Melee: Short sword       |    13 |       |       ||    13
       Broad axe         |       |       |    23 ||    23
       Falchion          |       |       |     1 ||     1
 Fire: Sling             |    63 |    73 |   158 ||   294
 Cast: Freeze            |    16 |     9 |     5 ||    30
       Frozen Ramparts   |     2 |    11 |    25 ||    38
       Ozocubu's Armour  |     1 |     6 |    25 ||    32
  Use: Potion            |     3 |       |     1 ||     4
       Scroll            |       |       |     7 ||     7
Armor: Robe              |     4 |    11 |    28 ||    43
Dodge: Dodged            |    31 |    57 |   149 ||   237

Table legend: (Time is in decaauts)
 A = Elapsed time spent in this place.
 B = Non-inter-level travel time spent in this place.
 C = Inter-level travel time spent in this place.
 D = Time resting spent in this place.
 E = Time spent auto-exploring this place.
 F = Levels seen in this place.
 G = Mean time per level.
                   A        B        C        D        E       F      G
               +--------+--------+--------+--------+--------+-----+--------+
         Total |   6974 |   6204 |    770 |   1672 |   2981 |   9 |  774.9 |
       Dungeon |   6689 |   5919 |    770 |   1604 |   2981 |   7 |  955.6 |
        Temple |     25 |     25 |      0 |      0 |      0 |   1 |   25.0 |
        Bailey |    259 |    259 |      0 |     68 |      0 |   1 |  259.0 |
               +--------+--------+--------+--------+--------+-----+--------+

Top non-repeatable levels by time:
     D:2: 1615 daAuts
     D:6: 1215 daAuts
     D:5: 1140 daAuts
     D:4: 1016 daAuts
     D:3: 1013 daAuts
     D:1: 546 daAuts
  Bailey: 259 daAuts
     D:7: 143 daAuts
  Temple: 25 daAuts
